 Dungeon Crawl Stone Soup version 0.27-a0-951-gae3e1deef5 (webtiles) character file.

Game seed: 7310729139057418775

189 shoop the Cudgeller (level 5, -5/54 HPs)
             Began as an Ogre Gladiator on Apr 12, 2021.
             Slain by Prince Ribbit (14 damage)
             ... on level 4 of the Dungeon.
             The game lasted 00:05:53 (4047 turns).

shoop the Cudgeller (Ogre Gladiator)                Turns: 4047, Time: 00:05:54

Health: -5/54      AC:  3    Str: 18    XL:     5   Next: 68%
Magic:  5/5        EV:  7    Int: 15    God:
Gold:   208        SH:  7    Dex: 11    Spells: 4/4 levels left

rFire    . . .     SeeInvis .   a - +0 flail
rCold    . . .     Faith    .   o - +0 kite shield
rNeg     . . .     Spirit   .   b - +0 robe
rPois    .         Reflect  .   c - +0 hat
rElec    .         Harm     .   (no cloak)
rCorr    .         Rampage  .   (gloves unavailable)
Will     .....                  (boots unavailable)
Stlth    +.........             (no amulet)
HPRegen  0.18/turn              q - +6 ring of intelligence
MPRegen  0.09/turn              (no ring)

@: no status effects
A: large, unfitting armour, tough skin 1
a: no special abilities


You were on level 4 of the Dungeon.
You visited 1 branch of the dungeon, and saw 5 of its levels.

You collected 208 gold pieces.

Inventory:

Hand Weapons
 a - a +0 flail (weapon)
Missiles
 d - 2 throwing nets (quivered)
 i - 6 datura-tipped darts
Armour
 b - a +0 robe (worn)
 c - a +0 hat (worn)
 o - a +0 kite shield (worn)
Jewellery
 q - a +6 ring of intelligence (left hand)
 r - an amulet of reflection
Wands
 g - a wand of acid (10)
 j - a wand of digging (4)
Scrolls
 f - 2 scrolls of identify {unknown}
 k - 4 scrolls of teleportation {unknown}
 m - a scroll of amnesia {unknown}
 p - a scroll of fog {unknown}
 t - a scroll of acquirement {unknown}
Potions
 e - a potion of curing {unknown}
 h - a potion of haste {unknown}
 l - a potion of might {unknown}
 n - a potion of flight {unknown}
 s - a potion of brilliance {unknown}


   Skills:
 + Level 4.2 Fighting
 * Level 4.2 Maces & Flails
 + Level 3.1 Throwing
 - Level 2.6 Dodging
 + Level 0.8 Shields
 - Level 1.0 Evocations


You had 4 spell levels left.
You didn't know any spells.
Your spell library contained the following spells:

 Spells                   Type           Power      Damage    Failure   Level
 Beastly Appendage        Tmut           0%         N/A       83%         1
 Foxfire                  Conj/Fire      0%         2x1d4     83%         1
 Wereblood                Tmut           0%         N/A       93%         2
 Conjure Flame            Conj/Fire      0%         6-21      99%         3
 Inner Flame              Hex/Fire       0%         N/A       99%         3
 Spider Form              Tmut/Pois      0%         N/A       99%         3
 Ice Form                 Ice/Tmut       0%         N/A       100%        4
 Sticky Flame             Conj/Fire      0%         2d3       100%        4
 Fireball                 Conj/Fire      0%         3d3       100%        5
 Hydra Form               Tmut           0%         N/A       100%        5


Dungeon Overview and Level Annotations

Branches:
Dungeon (5/15)
 Temple: D:4-7

Altars:
Dithmenos
Vehumet
Zin

Shops:
D:2 [

Annotations:
D:4 exclusion: black bear, Prince Ribbit


Innate Abilities, Weirdness & Mutations

You are too large for most types of armour.
You have tough skin. (AC +1)


Message History

A black bear comes into view.
Unknown command.
r - an amulet of reflection You now have 208 gold pieces (gained 17).
There is an escape hatch in the floor here.
Found 16 arrows.
s - a brown potion
t - a scroll labelled YTSIRH ZOOJUMETS Partly explored, can't reach some places.
Partly explored, can't reach some places.
(D) Dungeon
Where to? (Enter - D:4, ? - help)
There is a stone staircase leading down here.
You climb downwards.
Prince Ribbit comes into view.
Prince Ribbit croaks.
Found 18 gold pieces.
Found a stone staircase leading down.
There is a stone staircase leading up here.
Prince Ribbit sighs, "It's not easy being green!"
Prince Ribbit blinks!
Prince Ribbit closely misses you.
You climb upwards.
Level annotation: exclusion: black bear
There is a stone staircase leading down here.
You hit Prince Ribbit.
Prince Ribbit is lightly wounded.
Prince Ribbit hits you! You block Prince Ribbit's attack.
You sock Prince Ribbit!
Prince Ribbit is heavily wounded.
Prince Ribbit hits you!! Prince Ribbit hits you!
* * * LOW HITPOINT WARNING * * *
You barely miss Prince Ribbit.
Prince Ribbit is heavily wounded.
Prince Ribbit completely misses you. You block Prince Ribbit's attack.
You miss Prince Ribbit.
Prince Ribbit is heavily wounded.
Prince Ribbit hits you.
* * * LOW HITPOINT WARNING * * *
You block Prince Ribbit's attack. Prince Ribbit hits you!
You die...

######## ####.......
#......# #....#####.
###.(#.####.#### #.
##......#.# #.
####.#...# #.
#.#...# #.
####...#.#### #.
##...........#####.
##.@F....(..........
#............>..####
#...............###.
#...............##..
#.....<.........#..#
#...............#)##
#...................
##..............[...
##.....#...........


You could see Prince Ribbit.

Vanquished Creatures
  A scorpion (D:2)
  A bullfrog skeleton (D:4)
  A hound skeleton (D:4)
  3 adders (D:4)
  2 worms
  4 ball pythons
  7 endoplasms
  A giant cockroach (D:3)
  7 goblins
  6 hobgoblins
  3 jackals (D:1)
  3 kobolds
  2 quokkas (D:1)
  6 bats
  7 rats
54 creatures vanquished.

Notes
Turn   | Place    | Note
-------+----------+-------------------------------------------
     0 | D:1      | shoop the Ogre Gladiator began the quest for the Orb.
     0 | D:1      | Reached XP level 1. HP: 22/22 MP: 1/1
   383 | D:1      | Reached XP level 2. HP: 25/29 MP: 2/2
   780 | D:1      | Found a faded altar of an unknown god.
   787 | D:1      | Reached XP level 3. HP: 32/37 MP: 3/3
  1755 | D:2      | Reached skill level 1 in Evocations
  1813 | D:2      | Found Faogroleu's Armour Shoppe.
  2011 | D:2      | Noticed a scorpion
  2022 | D:2      | Killed a scorpion
  2023 | D:2      | Reached XP level 4. HP: 29/48 MP: 4/4
  2370 | D:3      | Found a radiant altar of Vehumet.
  2370 | D:3      | Found a shadowy altar of Dithmenos.
  3205 | D:4      | Reached XP level 5. HP: 48/54 MP: 5/5
  3482 | D:4      | Found a glowing silver altar of Zin.
  3849 | D:4      | Noticed a black bear
  4033 | D:5      | Entered Level 5 of the Dungeon
  4033 | D:5      | Noticed Prince Ribbit
  4047 | D:4      | Slain by Prince Ribbit

Illustrated notes

Levels and vault maps discovered:
D:1:      saegor_arrival_simple_e, layout_basic,
          hellmonk_ecumenical_altar_lost_god
D:2:      layout_loops_ring, serial_shops, nicolae_shop_crystal
D:3:      layout_loops_ring, gammafunk_temple_overflow_elements
D:4:      layout_rooms, overflow_temple_1_default
D:5:      layout_basic, skrybe_limestone_x, uniq_duvessa, uniq_prince_ribbit1

Skill      XL: |  1  2  3  4  5 |
---------------+----------------+-----
Maces & Flails | 3 4 |  4.2
Fighting       | 3 4 |  4.2
Evocations     | 1 |  1.0
Throwing       | 3 |  3.1
Dodging        | |  2.6
Shields        | |  0.8

Action                   |  1- 3 |  4- 6 || total
-------------------------+-------+-------++-------
Melee: Flail             |    89 |    75 ||   164
Throw: Throwing net      |     2 |       ||     2
 Stab: Sleeping          |     1 |     2 ||     3
Armor: Robe              |    18 |    14 ||    32
Dodge: Dodged            |    49 |    34 ||    83
Block: Kite shield       |       |    30 ||    30

Table legend: (Time is in decaauts)
 A = Elapsed time spent in this place.
 B = Non-inter-level travel time spent in this place.
 C = Inter-level travel time spent in this place.
 D = Time resting spent in this place.
 E = Time spent auto-exploring this place.
 F = Levels seen in this place.
 G = Mean time per level.
                   A        B        C        D        E       F      G
               +--------+--------+--------+--------+--------+-----+--------+
         Total |   4101 |   4029 |     72 |    201 |   3370 |   5 |  820.2 |
       Dungeon |   4101 |   4029 |     72 |    201 |   3370 |   5 |  820.2 |
               +--------+--------+--------+--------+--------+-----+--------+

Top non-repeatable levels by time:
     D:1: 1416 daAuts
     D:4: 927 daAuts
     D:2: 898 daAuts
     D:3: 849 daAuts
     D:5: 9 daAuts
